[Event "Titled Tuesday Blitz March 28 Early 2023"]
[White "Maxfan2008"]
[Black "Harshavardhan G B"]
[BlackFideId "25059009"]
[WhiteElo "2456"]
[BlackElo "2323"]
[Result "0-1"]
[Round "11"]
[TimeControl "180+2"]
[Date "2023.03.28"]
[WhiteClock "0:02:09"]
[BlackClock "0:02:30"]

1. d4 Nf6 2. c4 g6 3. Nf3 Bg7 4. g3 O-O 5. Bg2 d6 6. O-O Nbd7 7. Nc3 e5 8. e4 Re8 9. Re1 exd4 10. Nxd4 Nc5 11. h3 Bd7 12. Be3 Qc8 13. Kh2 Re5 14. Qc2 Bxh3 15. Nf3 Rh5 16. Nh4 Bxg2 17. Kxg2 Rxh4 18. gxh4 Qg4+ 19. Kf1 Nfxe4 20. Bxc5 Nxc5 21. Qe2 Qh3+ 22. Kg1 Be5 23. f4 Bd4+ 0-1


[Site "https://www.chess.com"]

[Event "Titled Tuesday Blitz March 28 Early 2023"]
[White "Makhnev, Denis"]
[Black "Girya, Olga"]
[WhiteFideId "13707647"]
[BlackFideId "4195752"]
[WhiteElo "2525"]
[BlackElo "2263"]
[Result "1-0"]
[Round "11"]
[TimeControl "180+2"]
[Date "2023.03.28"]
[WhiteClock "0:00:04"]
[BlackClock "0:00:02"]

1. d4 Nf6 2. c4 e6 3. Nf3 d5 4. Nc3 Be7 5. Bf4 dxc4 6. e3 a6 7. Bxc4 b5 8. Bd3 Bb7 9. Qc2 Nbd7 10. a4 c5 11. axb5 Bxf3 12. gxf3 cxd4 13. exd4 axb5 14. O-O O-O 15. Nxb5 Nd5 16. Bg3 Rxa1 17. Rxa1 Nb4 18. Qe2 Nxd3 19. Qxd3 Nf6 20. Ra7 Nd5 21. Nc3 Bf6 22. Rb7 Qc8 23. Rb8 Qc6 24. Rxf8+ Kxf8 25. Qxh7 Nxc3 26. bxc3 Qxc3 27. Bd6+ Ke8 28. Qg8+ Kd7 29. Bf4 Qxd4 30. Qxf7+ Kd8 31. Be3 Qd1+ 32. Kg2 Qd7 33. Bb6+ Kc8 34. Qf8+ Kb7 35. Be3 Qd5 36. Qe8 Qc6 37. Qf7+ Ka6 38. Qa7+ Kb5 39. Bf4 Kc4 40. Qa2+ Kb5 41. Bg3 Qd5 42. Qa7 Qc6 43. h4 e5 44. Qe3 Qd5 45. Qe4 Kc6 46. Kh3 Kd6 47. h5 Qxe4 48. fxe4 Ke6 49. Kg4 Be7 50. Bh4 Bf6 51. Bxf6 Kxf6 52. f3 Ke6 53. Kg5 Kf7 54. Kf5 Ke7 55. Kxe5 1-0


[Site "https://www.chess.com"]

[Event "Titled Tuesday Blitz March 28 Early 2023"]
[White "Zhigalko, Sergei"]
[Black "Hardaway, Brewington"]
[WhiteFideId "13502956"]
[BlackFideId "30941849"]
[WhiteElo "2626"]
[BlackElo "2159"]
[Result "1-0"]
[Round "11"]
[TimeControl "180+2"]
[Date "2023.03.28"]
[WhiteClock "0:00:06"]
[BlackClock "0:00:05"]

1. e4 e5 2. Nf3 Nc6 3. Bc4 Bc5 4. b4 Bxb4 5. c3 Be7 6. d4 d6 7. Qb3 Na5 8. Bxf7+ Kf8 9. Qa4 Kxf7 10. Qxa5 b6 11. Qa4 Bd7 12. Qc2 Bf6 13. O-O h6 14. dxe5 dxe5 15. c4 Ne7 16. c5 g5 17. Rd1 Qc8 18. Ba3 Ng6 19. Nc3 Bg4 20. Qb3+ Be6 21. Qc2 Bg4 22. Rd3 Nf4 23. Re3 c6 24. Bb2 b5 25. Ne2 Re8 26. Ng3 Qe6 27. Nf5 Kg6 28. Nd6 Red8 29. h3 Bxf3 30. Rxf3 h5 31. Rg3 Rxd6 32. cxd6 Rd8 33. Rd1 Rxd6 34. Rxd6 Qxd6 35. Bc1 Ne6 36. Be3 h4 37. Rf3 c5 38. Rf5 c4 39. Qe2 Nf4 40. Qg4 Qd3 41. Bxf4 exf4 42. Rxf4 Qb1+ 43. Kh2 Qb2 44. Qf5+ Kg7 45. Rf3 Qe5+ 46. Kh1 Qa1+ 47. Kh2 Be5+ 48. g3 hxg3+ 49. fxg3 Qb2+ 50. Rf2 Qc3 51. Qxg5+ Kh7 52. Qh5+ Kg7 53. Rf7+ Kg8 54. Qh7# 1-0


[Site "https://www.chess.com"]

[Event "Titled Tuesday Blitz March 28 Early 2023"]
[White "Vaibhav Jayant Raut"]
[Black "Moussard, Jules"]
[WhiteFideId "5089034"]
[BlackFideId "642908"]
[WhiteElo "2156"]
[BlackElo "2610"]
[Result "0-1"]
[Round "11"]
[TimeControl "180+2"]
[Date "2023.03.28"]
[WhiteClock "0:00:01"]
[BlackClock "0:00:35"]

1. c4 c5 2. Nc3 Nc6 3. g3 g6 4. Bg2 Bg7 5. d3 d6 6. a3 a6 7. Rb1 Rb8 8. Bd2 Bd7 9. b4 cxb4 10. axb4 b5 11. cxb5 axb5 12. Nf3 Nf6 13. O-O O-O 14. e4 e5 15. h3 h6 16. Be3 Be6 17. Qd2 Kh7 18. Kh2 Qd7 19. Rfc1 Rfc8 20. d4 exd4 21. Nxd4 Ne5 22. Nxe6 Nc4 23. Qd3 fxe6 24. Bf4 Kg8 25. Rd1 Ne8 26. e5 g5 27. Bd2 Nxe5 28. Qe2 Nc4 29. Ne4 Qf7 30. f4 Nxd2 31. Rxd2 gxf4 32. Rf1 d5 33. Rxf4 Qg6 34. Nc5 Nc7 35. Rg4 Qf7 36. Rd1 Rf8 37. Re1 Rbe8 38. Nd3 Qf5 39. Nf4 Rf7 40. Nh5 Kh8 41. Rh4 e5 42. Rf1 Qg6 43. Rxf7 Qxf7 44. Nxg7 Qxg7 45. Qc2 Rg8 46. Rg4 Qe7 47. Rxg8+ Kxg8 48. Qg6+ Qg7 49. Qd6 e4 50. Qd8+ Kh7 51. h4 Qf7 52. Qd6 Ne8 53. Qe5 Ng7 54. Bh3 Qf2+ 55. Bg2 Qf7 56. Bh3 h5 57. Kg1 Qg6 58. Kh2 Qf7 59. Bg2 Qe6 60. Qd4 Nf5 61. Qa7+ Qe7 62. Qf2 Nh6 63. Bh3 e3 64. Qe2 Qe5 65. Qxb5 e2 66. Qd7+ Kg6 67. Qc6+ Kg7 68. Qd7+ Nf7 69. Be6 Qf6 70. Bxf7 Qf2+ 0-1


[Site "https://www.chess.com"]

[Event "Titled Tuesday Blitz March 28 Early 2023"]
[White "Timofeev, Artyom"]
[Black "Khumalo, Keith"]
[WhiteFideId "4140419"]
[BlackFideId "14319470"]
[WhiteElo "2586"]
[BlackElo "2056"]
[Result "1-0"]
[Round "11"]
[TimeControl "180+2"]
[Date "2023.03.28"]
[WhiteClock "0:00:05"]
[BlackClock "0:00:13"]

1. e4 e6 2. d4 d5 3. Nd2 c5 4. exd5 Qxd5 5. Ngf3 cxd4 6. Bc4 Qd8 7. O-O Nc6 8. Nb3 a6 9. Nbxd4 Nxd4 10. Qxd4 Qxd4 11. Nxd4 Bc5 12. Rd1 Bd7 13. Be3 Rc8 14. Be2 Nf6 15. Bf3 Bxd4 16. Bxd4 Bc6 17. Bxc6+ Rxc6 18. Bxf6 gxf6 19. Rd2 Ke7 20. Rad1 Rc7 21. c3 f5 22. Kf1 h5 23. Ke2 Rg8 24. g3 h4 25. Rd4 hxg3 26. hxg3 Rh8 27. a4 Rh2 28. a5 Rh5 29. b4 Rh8 30. c4 Rhc8 31. c5 Rh8 32. Ke3 Rh2 33. Rd8 Rh5 34. Rb8 Kf6 35. Rd6 Rh1 36. Rb6 Rd7 37. Rd6 Rc7 38. Ke2 Rb1 39. Rb6 Rb2+ 40. Ke3 Rd7 41. R6xb7 Rdd2 42. c6 e5 43. c7 e4 44. Rd8 Re2+ 45. Kd4 Rbc2 46. Rd6+ Kg5 47. Rxa6 Rxf2 48. Ra8 Rfd2+ 49. Ke5 f6+ 50. Ke6 e3 51. Rg8+ Kh6 52. c8=Q Rxc8 53. Rxc8 e2 54. Rh8+ Kg6 55. Rg8+ Kh6 56. Rh8+ Kg6 57. Rh1 Rd1 58. Rbh7 e1=Q+ 59. Rxe1 Rxe1+ 60. Kd5 Kxh7 61. a6 Rb1 62. Kc5 Kg6 63. b5 Kg5 64. b6 Kg4 65. a7 Rc1+ 66. Kd6 Rd1+ 67. Ke6 Ra1 68. b7 Rxa7 69. b8=Q Ra4 70. Qg8+ Kf3 71. Kxf6 Rg4 72. Qd5+ Kxg3 73. Kxf5 Rf4+ 74. Ke5 Rg4 75. Qd2 Kf3 76. Kf5 Rg2 77. Qd3+ Kf2 78. Kf4 Kg1 79. Qd4+ Kf1 80. Kf3 Re2 81. Qd3 1-0


[Site "https://www.chess.com"]

[Event "Titled Tuesday Blitz March 28 Early 2023"]
[White "Bodnaruk, Anastasia"]
[Black "Kosakowski, Jakub"]
[WhiteFideId "4181751"]
[BlackFideId "1185080"]
[WhiteElo "2310"]
[BlackElo "2488"]
[Result "1-0"]
[Round "11"]
[TimeControl "180+2"]
[Date "2023.03.28"]
[WhiteClock "0:00:09"]
[BlackClock "0:00:05"]

1. e4 c5 2. Nc3 d6 3. Nge2 Nf6 4. d4 cxd4 5. Nxd4 a6 6. Nb3 g6 7. Be3 Bg7 8. Qd2 Nc6 9. Bh6 Bxh6 10. Qxh6 Be6 11. O-O-O Qb6 12. f3 Rc8 13. Kb1 Nb4 14. Qd2 Nd7 15. Qd4 Qxd4 16. Nxd4 Ne5 17. Nxe6 fxe6 18. a3 Nbc6 19. f4 Ng4 20. Re1 e5 21. g3 exf4 22. gxf4 Rf8 23. Bh3 h5 24. Bxg4 hxg4 25. Ne2 e5 26. Ref1 exf4 27. Rxf4 Ne5 28. h3 Rxf4 29. Nxf4 Rc4 30. hxg4 Rxe4 31. Rh8+ Kd7 32. Rh7+ Kc6 33. Ne6 Nxg4 34. Nd8+ Kd5 35. Nxb7 Ne5 36. b3 g5 37. Rh6 Nf7 38. Rg6 g4 39. Kc1 Ke5 40. Kd2 d5 41. Nc5 Kf5 42. Rg7 Re7 43. Nd3 d4 44. b4 Rb7 45. a4 Nd6 46. Rg8 Ne4+ 47. Kd1 Nc3+ 48. Kd2 Nxa4 49. Rf8+ Ke6 50. Rg8 Kf5 51. Rf8+ Kg5 52. Rg8+ Kh4 53. Ne5 g3 54. Rh8+ Kg5 55. Rg8+ Kf4 56. Nd3+ Kf3 57. Rf8+ Kg2 58. Ne1+ Kh2 59. Rh8+ Kg1 60. Rg8 Nc3 61. Rxg3+ Kf2 62. Rg2+ Kf1 63. Rg4 Rxb4 64. Rf4+ Kg1 65. Nf3+ Kg2 66. Nxd4 Nd5 67. Rg4+ Kh3 68. Re4 Nf6 69. Rf4 Nh5 70. Re4 Ng3 71. Rf4 a5 72. c3 Rb2+ 73. Kd3 a4 74. Nf3 a3 75. Ra4 a2 76. Nd4 Nf1 77. Nc2 Kg2 78. c4 Rb3+ 79. Kd4 Rb2 80. Kc3 Rb8 81. Rxa2 Kf3 82. Nd4+ Ke4 83. Re2+ Kf4 84. Rf2+ Ke3 85. Rxf1 Ra8 86. Re1+ Kf4 87. Rf1+ Ke3 88. Re1+ Kf4 89. Re7 Ra1 90. Nb3 Rb1 91. c5 Kf5 92. c6 Kf6 93. c7 1-0


[Site "https://www.chess.com"]

[Event "Titled Tuesday Blitz March 28 Early 2023"]
[White "Kaidanov, Gregory"]
[Black "Galchenko, Matvey"]
[WhiteFideId "2008564"]
[BlackFideId "24175480"]
[WhiteElo "2547"]
[BlackElo "2404"]
[Result "1-0"]
[Round "11"]
[TimeControl "180+2"]
[Date "2023.03.28"]
[WhiteClock "0:00:48"]
[BlackClock "0:00:02"]

1. Nf3 c5 2. c4 g6 3. e4 Bg7 4. d4 cxd4 5. Nxd4 Nc6 6. Be3 Nf6 7. Nc3 O-O 8. Be2 d6 9. O-O Nxd4 10. Bxd4 a5 11. Qc2 Bd7 12. Rad1 Bc6 13. c5 a4 14. cxd6 exd6 15. e5 dxe5 16. Bc5 Qa5 17. Bxf8 Rxf8 18. Bc4 e4 19. Qd2 Qc5 20. Bd5 Nxd5 21. Nxd5 f5 22. Nf4 Re8 23. Rc1 Qe5 24. Rc2 Bh6 25. Nxg6 Qg7 26. Nf4 Qg4 27. g3 Kh8 28. Qd4+ Bg7 29. Qe3 Rg8 30. h4 Be5 31. Kh2 Rd8 32. Rd2 Re8 33. Qe2 Qg7 34. Qe3 Bxb2 35. Nh5 Qe5 36. Rfd1 Ba3 37. Rd8 Bf8 38. Rxe8 Bxe8 39. Rd8 Bxh5 40. Qh6 1-0


[Site "https://www.chess.com"]

[Event "Titled Tuesday Blitz March 28 Early 2023"]
[White "Raahul V S"]
[Black "Boyer, Mahel"]
[WhiteFideId "25035525"]
[BlackFideId "45102422"]
[WhiteElo "2168"]
[BlackElo "2439"]
[Result "1-0"]
[Round "11"]
[TimeControl "180+2"]
[Date "2023.03.28"]
[WhiteClock "0:00:09"]
[BlackClock "0:00:01"]

1. c4 c6 2. d4 d5 3. Nf3 Nf6 4. g3 e6 5. Bg2 Be7 6. O-O O-O 7. b3 b6 8. Nc3 Ba6 9. Bb2 Nbd7 10. Ne5 Nxe5 11. dxe5 Nd7 12. Qd4 c5 13. Qf4 Bg5 14. Qg4 Nxe5 15. Qh5 g6 16. Qh3 d4 17. Bxa8 Qxa8 18. f4 dxc3 19. Bxc3 Qe4 20. Bxe5 Bb7 21. Kf2 Be7 22. Rad1 Bc6 23. Rg1 Re8 24. Qg4 f6 25. Bc3 Qc2 26. Qxe6+ Kf8 27. Bxf6 Bxf6 28. Qxf6+ Kg8 29. Rge1 Qe4 30. Rd5 Qe3+ 31. Kf1 Bxd5 32. cxd5 Qe4 33. Kf2 Qe3+ 34. Kg2 Qe4+ 35. Kf2 Qxd5 36. Qc3 b5 37. Qf3 Qd2 38. Qd3 1-0


[Site "https://www.chess.com"]

[Event "Titled Tuesday Blitz March 28 Early 2023"]
[White "Zemlyanskii, Ivan"]
[Black "Ismagilov, Damir"]
[WhiteFideId "24249971"]
[BlackFideId "34199982"]
[WhiteElo "2233"]
[BlackElo "2078"]
[Result "1-0"]
[Round "11"]
[TimeControl "180+2"]
[Date "2023.03.28"]
[WhiteClock "0:00:43"]
[BlackClock "0:00:10"]

1. d4 Nf6 2. c4 e6 3. Bf4 d5 4. Nc3 c5 5. Nf3 cxd4 6. Nxd4 Nc6 7. cxd5 Nxd5 8. Nxc6 bxc6 9. Bd2 Bb4 10. Qc2 Qf6 11. Rc1 O-O 12. e3 c5 13. a3 Bxc3 14. Bxc3 Nxc3 15. Qxc3 Qg6 16. f3 Bb7 17. Kf2 Rfd8 18. Be2 Rd5 19. Rcd1 Rg5 20. g3 Rf5 21. Kg2 Qh5 22. Rhf1 Rf6 23. Qd2 h6 24. e4 Rb8 25. Qe3 Qe5 26. Rd2 g5 27. Rc1 g4 28. Rxc5 gxf3+ 29. Bxf3 Rxf3 30. Kxf3 Bxe4+ 31. Kf2 Qf6+ 32. Qf4 Qxf4+ 33. gxf4 Bd5 34. b4 Kg7 35. Ke3 Kf6 36. Ra5 Rb7 37. Rc2 h5 38. Rc8 h4 39. Rac5 Rb6 40. R5c7 Ra6 41. Rc3 Rb6 42. Rh8 a6 43. Rxh4 Rd6 44. Rh8 a5 45. bxa5 Ra6 46. Rc5 Ke7 47. Rb8 Kd6 48. Rcb5 Bc4 49. R8b6+ Kc7 50. Rc5+ Kd7 51. Rxc4 Rxa5 52. Rb3 Rh5 53. Rd3+ Ke7 54. Rc2 Kf6 55. a4 Rh3+ 56. Kd4 Rh5 57. Ra2 Ra5 58. Kc4 Ke7 59. Rb3 Ra8 60. Rb5 Rc8+ 61. Kb4 Rc1 62. a5 Rb1+ 63. Ka4 Kd6 64. Rxb1 Ke7 65. a6 Kf6 66. a7 Kf5 67. a8=Q e5 68. Qd5 f6 1-0


[Site "https://www.chess.com"]

[Event "Titled Tuesday Blitz March 28 Early 2023"]
[White "Dino_Ballecer"]
[Black "Samunenkov, Ihor"]
[BlackFideId "14187086"]
[WhiteElo "2589"]
[BlackElo "2457"]
[Result "0-1"]
[Round "11"]
[TimeControl "180+2"]
[Date "2023.03.28"]
[WhiteClock "0:00:02"]
[BlackClock "0:00:02"]

1. e4 c5 2. Nf3 Nc6 3. Bb5 e6 4. Bxc6 bxc6 5. e5 f6 6. O-O Be7 7. d4 cxd4 8. Qxd4 fxe5 9. Nxe5 Nf6 10. Nc3 O-O 11. h3 Qc7 12. Re1 d6 13. Nd3 e5 14. Qh4 Bf5 15. Bg5 h6 16. Bxf6 Bxf6 17. Qc4+ Kh8 18. Nd5 Qf7 19. Ne3 Qxc4 20. Nxc4 Rfd8 21. Rad1 Rab8 22. b3 e4 23. g4 Bh7 24. Nf4 d5 25. Ne3 Re8 26. Ne2 Rbd8 27. c3 a5 28. Rd2 Rf8 29. Red1 Bh4 30. Nd4 Rf6 31. Ndf5 Bg5 32. c4 Bxf5 33. gxf5 Bxe3 34. fxe3 Rxf5 35. cxd5 cxd5 36. Rd4 Rg5+ 37. Kh2 Rf8 38. R1d2 Rff5 39. Rg2 Rh5 40. a3 Rf3 41. Rg3 Rf2+ 42. Rg2 Rf3 43. Rg3 Rf2+ 44. Rg2 Rf1 45. b4 axb4 46. axb4 Re1 47. Rg3 Re2+ 48. Kg1 Rf5 49. Rg2 Rxe3 50. Rb2 Rxh3 51. b5 Rg3+ 52. Kh2 Rg4 53. Kh3 Rg6 54. Kh4 Rf4+ 55. Kh3 Rf3+ 56. Kh2 Rf5 57. Rb3 Rh5+ 58. Rh3 Rhg5 0-1


[Site "https://www.chess.com"]

[Event "Titled Tuesday Blitz March 28 Early 2023"]
[White "Santos Ruiz, Miguel"]
[Black "Martic, Ivan"]
[WhiteFideId "22291482"]
[BlackFideId "929301"]
[WhiteElo "2504"]
[BlackElo "2360"]
[Result "1-0"]
[Round "11"]
[TimeControl "180+2"]
[Date "2023.03.28"]
[WhiteClock "0:01:13"]
[BlackClock "0:00:38"]

1. d4 Nf6 2. Nf3 g6 3. Bf4 Bg7 4. Nbd2 O-O 5. e4 d6 6. h3 Nc6 7. c3 Nd7 8. d5 Nce5 9. Be2 c5 10. dxc6 bxc6 11. O-O Rb8 12. Qc2 c5 13. Rfd1 Qc7 14. Nxe5 Nxe5 15. Nc4 Nc6 16. Rd2 Be6 17. Qa4 Rfc8 18. Rad1 Bd7 19. Nxd6 Nd4 20. Nxc8 Rxc8 21. Bxc7 Nxe2+ 22. Kf1 Bxa4 23. Rd8+ Rxd8 24. Rxd8+ Bf8 25. Kxe2 Kg7 26. Bf4 f6 27. Bh6+ Kxh6 28. Rxf8 Bb5+ 29. Ke3 Kg7 30. Rc8 1-0


[Site "https://www.chess.com"]

[Event "Titled Tuesday Blitz March 28 Early 2023"]
[White "Molina, Roberto Junio Brito"]
[Black "Souleidis, Georgios"]
[WhiteFideId "2109450"]
[BlackFideId "4206827"]
[WhiteElo "2376"]
[BlackElo "2401"]
[Result "1/2-1/2"]
[Round "11"]
[TimeControl "180+2"]
[Date "2023.03.28"]
[WhiteClock "0:00:24"]
[BlackClock "0:00:11"]

1. e4 c5 2. Nf3 e6 3. d4 cxd4 4. Nxd4 Nf6 5. Nc3 Nc6 6. Nxc6 bxc6 7. e5 Nd5 8. Ne4 Qc7 9. f4 Qb6 10. c4 Ne3 11. Qd3 Bb4+ 12. Ke2 Nxc4 13. Kf3 Ba6 14. Qc2 Na5 15. Bxa6 Qxa6 16. Rd1 Rd8 17. Be3 Nb7 18. Rd4 c5 19. Rdd1 O-O 20. a3 Ba5 21. b4 Bc7 22. Nxc5 Nxc5 23. Bxc5 d6 24. exd6 Bxd6 25. Bxd6 Rxd6 26. Rxd6 Qxd6 27. Rd1 Qa6 28. Qd3 Qb7+ 29. Qe4 Qa6 30. Rd3 g6 31. h4 h5 32. Kg3 Rc8 33. Qd4 Qb7 34. Rc3 Rxc3+ 35. Qxc3 Qe4 36. Qf3 Qc4 37. Qe3 a6 38. Kh2 Kh7 39. g3 Qc2+ 40. Kg1 Qb1+ 41. Kg2 Qc2+ 42. Kf3 Qc6+ 43. Ke2 Qc2+ 44. Ke1 Qb1+ 45. Kd2 Qb2+ 46. Kd1 Qb1+ 47. Ke2 Qb2+ 48. Kf1 Qb1+ 49. Kg2 Qc2+ 50. Kh3 Qf5+ 51. Kh2 Qc2+ 52. Kh1 Qd1+ 53. Kg2 Qc2+ 1/2-1/2


[Site "https://www.chess.com"]

[Event "Titled Tuesday Blitz March 28 Early 2023"]
[White "Hasangatin, Ramil"]
[Black "Yaniuk, Volodymyr"]
[WhiteFideId "4122160"]
[BlackFideId "14133083"]
[WhiteElo "2275"]
[BlackElo "2141"]
[Result "1-0"]
[Round "11"]
[TimeControl "180+2"]
[Date "2023.03.28"]
[WhiteClock "0:00:21"]
[BlackClock "0:00:04"]

1. e4 e5 2. Nf3 Nc6 3. Bb5 Nf6 4. d3 d6 5. c3 Bd7 6. Nbd2 g6 7. Nf1 Bg7 8. Ng3 O-O 9. O-O d5 10. Bxc6 bxc6 11. Nxe5 Nxe4 12. dxe4 Bxe5 13. exd5 cxd5 14. Qxd5 Bg7 15. Bg5 Qc8 16. Ne4 Be6 17. Qc5 Qb7 18. Rfe1 Qxb2 19. Bf6 Bh6 20. Qd4 Bf5 21. Be7 Bxe4 22. Bxf8 Rxf8 23. Qxe4 Qxc3 24. Qb7 Qc5 25. Rab1 Rd8 26. Rbd1 Rxd1 27. Rxd1 Bf8 28. Qd5 Qc2 29. Qb3 Qc6 30. Qd5 Qb6 31. g3 Bc5 32. Qf3 Bd6 33. Kg2 Qb2 34. Qb3 Qe5 35. Qd3 Qa5 36. Qd5 Qa4 37. h4 h5 38. Rd3 Qc2 39. Rf3 1-0


[Site "https://www.chess.com"]

[Event "Titled Tuesday Blitz March 28 Early 2023"]
[White "Koellner, Ruben Gideon"]
[Black "Csonka, Balazs"]
[WhiteFideId "12993093"]
[BlackFideId "742910"]
[WhiteElo "2303"]
[BlackElo "2404"]
[Result "1-0"]
[Round "11"]
[TimeControl "180+2"]
[Date "2023.03.28"]
[WhiteClock "0:01:06"]
[BlackClock "0:00:02"]

1. d4 Nf6 2. Nf3 d5 3. e3 c5 4. c3 Qc7 5. Nbd2 Nbd7 6. Bd3 g6 7. O-O Bg7 8. e4 cxd4 9. cxd4 dxe4 10. Nxe4 Nxe4 11. Bxe4 O-O 12. Qb3 Nf6 13. Bd3 Be6 14. Qa3 Bd5 15. Be2 Ne4 16. Be3 Qd6 17. Qxd6 Nxd6 18. Rac1 Bxa2 19. Rc7 Rfe8 20. Ne5 Bd5 21. Ra1 a5 22. Rc5 e6 23. Rcxa5 Rac8 24. Bd3 f6 25. Nd7 Nc4 26. Bxc4 Rxc4 27. Nb6 Rb4 28. Nxd5 exd5 29. Rxd5 Rxb2 30. Rd7 f5 31. g3 Bf8 32. Ra7 Re7 33. Rd8 Kf7 34. d5 b5 35. Rxf8+ Kxf8 36. Bc5 Re2 37. d6 Rxa7 38. d7+ Kg7 39. d8=Q Ra1+ 40. Kg2 Raa2 41. Qd7+ Kg8 42. Qd8+ Kf7 43. Qd7+ Kg8 44. Qxb5 Rac2 45. Bd4 Re7 46. Qb3+ 1-0


[Site "https://www.chess.com"]

[Event "Titled Tuesday Blitz March 28 Early 2023"]
[White "Staudenhocker43"]
[Black "Krysa, Leandro"]
[BlackFideId "116807"]
[WhiteElo "2562"]
[BlackElo "2485"]
[Result "1-0"]
[Round "11"]
[TimeControl "180+2"]
[Date "2023.03.28"]
[WhiteClock "0:00:05"]
[BlackClock "0:00:03"]

1. c4 c5 2. Nf3 Nf6 3. Nc3 d5 4. cxd5 Nxd5 5. e3 Nc6 6. Bc4 Nxc3 7. bxc3 e6 8. O-O Be7 9. d4 O-O 10. Qe2 b6 11. Bb2 Bb7 12. Rfd1 Qc7 13. Rac1 Rfd8 14. h3 Rac8 15. Bd3 h6 16. e4 Na5 17. Bb1 cxd4 18. cxd4 Qf4 19. g3 Qb8 20. Rxc8 Qxc8 21. d5 Qc4 22. Bd3 Qxa2 23. Nd4 Nb3 24. Bc4 Nxd4 25. Rxd4 Qa5 26. dxe6 fxe6 27. Bxe6+ Kh8 28. Rxd8+ Bxd8 29. Qd1 Be7 30. Bd5 Bxd5 31. exd5 Qc5 32. Qg4 Bf8 33. Qf4 Kg8 34. Qf5 Qd6 35. Qe4 a5 36. Be5 Qd7 37. Qc4 Bc5 38. d6+ Kf8 39. Qf4+ Qf7 40. d7 Be7 41. Bd6 Kg8 42. Bxe7 Qxe7 43. Qb8+ Kh7 44. d8=Q Qe1+ 45. Kg2 Qe4+ 46. Kh2 Qf3 47. Qdxb6 Qe2 48. Qf4 Qf1 49. Qf5+ Kh8 50. Qd8# 1-0


[Site "https://www.chess.com"]

[Event "Titled Tuesday Blitz March 28 Early 2023"]
[White "Alinasab, Mobina"]
[Black "Prohaszka, Peter"]
[WhiteFideId "12528897"]
[BlackFideId "726265"]
[WhiteElo "2141"]
[BlackElo "2626"]
[Result "0-1"]
[Round "11"]
[TimeControl "180+2"]
[Date "2023.03.28"]
[WhiteClock "0:01:01"]
[BlackClock "0:01:46"]

1. Nf3 d5 2. g3 Bf5 3. Bg2 c6 4. O-O e6 5. d3 Nf6 6. c4 dxc4 7. dxc4 Nbd7 8. Nc3 h6 9. Bf4 Be7 10. Bd6 O-O 11. b3 Nc5 12. Bxe7 Qxe7 13. Qc1 Rfd8 14. Qa3 Kf8 15. Rfd1 Na6 16. Qxe7+ Kxe7 17. Rxd8 Rxd8 18. Rd1 Rxd1+ 19. Nxd1 Nb4 20. Nc3 Ne4 21. Nxe4 Bxe4 22. a3 Nc2 23. a4 Bxf3 24. Bxf3 Nd4 25. b4 Nxf3+ 26. exf3 a5 27. b5 Kd6 28. Kf1 Kc5 29. Ke2 Kxc4 30. bxc6 bxc6 31. Kd2 Kb3 32. Kd3 c5 0-1


[Site "https://www.chess.com"]

[Event "Titled Tuesday Blitz March 28 Early 2023"]
[White "Mikhailovsky, Vladimir"]
[Black "Cori T., Deysi"]
[WhiteFideId "34105414"]
[BlackFideId "3801934"]
[WhiteElo "2293"]
[BlackElo "2292"]
[Result "1-0"]
[Round "11"]
[TimeControl "180+2"]
[Date "2023.03.28"]
[WhiteClock "0:02:08"]
[BlackClock "0:01:49"]

1. e4 e6 2. Qe2 Nc6 3. Nf3 e5 4. c3 Bc5 5. Nxe5 Nxe5 6. d4 d6 7. dxc5 dxc5 8. Be3 c4 9. Qh5 Qe7 10. Nd2 Nf6 11. Qg5 O-O 12. Nxc4 Nxc4 13. Bxc4 Nxe4 14. Qxe7 1-0


[Site "https://www.chess.com"]

[Event "Titled Tuesday Blitz March 28 Early 2023"]
[White "Hajiyev, Kanan"]
[Black "Papasimakopoulos, Alexandros"]
[WhiteFideId "13404148"]
[BlackFideId "4244125"]
[WhiteElo "2103"]
[BlackElo "2359"]
[Result "0-1"]
[Round "11"]
[TimeControl "180+2"]
[Date "2023.03.28"]
[WhiteClock "0:00:06"]
[BlackClock "0:00:32"]

1. d4 f5 2. Nf3 Nf6 3. g3 g6 4. Bg2 Bg7 5. O-O O-O 6. b3 Ne4 7. Bb2 d5 8. c4 c6 9. Nbd2 h6 10. Ne5 Be6 11. Nxg6 Re8 12. Nf3 Nd7 13. e3 Bf7 14. Ngh4 e6 15. Rc1 Bh5 16. Qc2 Rf8 17. Rfe1 Qe7 18. Nd2 Ndf6 19. Nf1 Ng5 20. f4 Nge4 21. Nf3 Bxf3 22. Bxf3 h5 23. Nd2 h4 24. Nxe4 fxe4 25. Bd1 hxg3 26. hxg3 Qf7 27. Qh2 Qg6 28. Kf2 Kf7 29. Be2 Rh8 30. Qg2 Ng4+ 31. Bxg4 Qxg4 32. Rh1 a5 33. Rxh8 Rxh8 34. Rh1 a4 35. Rxh8 Bxh8 36. cxd5 cxd5 37. bxa4 Qd1 38. a5 Bf6 39. g4 Bh4+ 0-1


[Site "https://www.chess.com"]

[Event "Titled Tuesday Blitz March 28 Early 2023"]
[White "Sanchez Alvares, Kelvin Antonio"]
[Black "wqws"]
[WhiteFideId "3906680"]
[WhiteElo "2217"]
[BlackElo "2688"]
[Result "0-1"]
[Round "11"]
[TimeControl "180+2"]
[Date "2023.03.28"]
[WhiteClock "0:00:28"]
[BlackClock "0:00:44"]

1. e4 c5 2. Nf3 d6 3. d4 cxd4 4. Nxd4 Nf6 5. Nc3 a6 6. Bg5 e6 7. f4 Be7 8. Qf3 Qc7 9. O-O-O Nbd7 10. g4 b5 11. Bd3 Bb7 12. a3 h6 13. Bxf6 Bxf6 14. Nce2 Nc5 15. Kb1 O-O-O 16. h4 Kb8 17. g5 Be7 18. g6 f5 19. Ng3 Bf6 20. Nb3 Na4 21. Qe3 Nxb2 22. Rde1 Na4 23. e5 dxe5 24. fxe5 Be7 25. Rhf1 Bxa3 26. Qd2 Nc3+ 27. Ka1 b4 28. Qf2 Qc6 29. Qc5 Rd5 30. Qxc6 Bxc6 31. Bc4 a5 32. Bxd5 Bxd5 33. Nxa5 Kc7 34. Ne2 Ra8 35. Nxc3 bxc3 36. Nb3 Bxb3 37. cxb3 c2 38. Rf4 Bc1+ 39. Ra4 Rxa4+ 40. bxa4 Bd2 0-1


[Site "https://www.chess.com"]

[Event "Titled Tuesday Blitz March 28 Early 2023"]
[White "Garv Gaur"]
[Black "Tregubov, Pavel V."]
[WhiteFideId "45030839"]
[BlackFideId "4115341"]
[WhiteElo "2068"]
[BlackElo "2425"]
[Result "0-1"]
[Round "11"]
[TimeControl "180+2"]
[Date "2023.03.28"]
[WhiteClock "0:01:36"]
[BlackClock "0:01:47"]

1. Nf3 Nf6 2. g3 c5 3. Bg2 Nc6 4. O-O e5 5. d3 d5 6. Nbd2 Be7 7. e4 O-O 8. c3 d4 9. Qe2 b5 10. a4 bxa4 11. Nc4 Nd7 12. Rxa4 f6 13. Ne1 Rb8 14. f4 Nb6 15. Nxb6 axb6 16. Nf3 b5 17. Ra1 Be6 18. Bd2 c4 19. cxd4 cxd3 20. Qxd3 Bc4 21. Qc3 Nxd4 22. Rfe1 Ne2+ 23. Rxe2 Bxe2 24. fxe5 Rc8 25. Qb3+ Bc4 26. Qd1 fxe5 27. Bc3 Qxd1+ 28. Rxd1 Be2 29. Rd7 Bc5+ 0-1


[Site "https://www.chess.com"]

[Event "Titled Tuesday Blitz March 28 Early 2023"]
[White "Titichoca Daza, Daniel"]
[Black "Hnydiuk, Aleksander"]
[WhiteFideId "3309550"]
[BlackFideId "1109057"]
[WhiteElo "2095"]
[BlackElo "2374"]
[Result "1-0"]
[Round "11"]
[TimeControl "180+2"]
[Date "2023.03.28"]
[WhiteClock "0:01:45"]
[BlackClock "0:02:19"]

1. c4 Nf6 2. Nc3 g6 3. e4 Bg7 4. e5 Ng8 5. d4 d6 6. f4 c5 7. dxc5 dxe5 8. Qxd8+ Kxd8 9. Nf3 Nc6 10. fxe5 Bg4 11. Bf4 Bxf3 12. gxf3 Bxe5 13. O-O-O+ Kc8 14. Bxe5 Nxe5 15. f4 Nd7 16. Bh3 f5 17. Rhe1 Nxc5 18. Nd5 Ne4 19. Rxe4 1-0


[Site "https://www.chess.com"]

[Event "Titled Tuesday Blitz March 28 Early 2023"]
[White "Salinas Herrera, Pablo"]
[Black "Silva Lucena, Cristian"]
[WhiteFideId "3407128"]
[BlackFideId "2232588"]
[WhiteElo "2550"]
[BlackElo "2223"]
[Result "1-0"]
[Round "11"]
[TimeControl "180+2"]
[Date "2023.03.28"]
[WhiteClock "0:01:19"]
[BlackClock "0:00:17"]

1. d4 d5 2. Nf3 e6 3. Bf4 Bd6 4. e3 c6 5. Ne5 Qc7 6. Nd2 Nd7 7. Nxd7 Bxd7 8. Bxd6 Qxd6 9. Nf3 Ne7 10. Bd3 Ng6 11. Qe2 c5 12. c3 a6 13. h4 Ne7 14. h5 h6 15. Ne5 Nc6 16. f4 b5 17. Qg4 Kf8 18. Rh3 Be8 19. Rg3 Rg8 20. Bh7 f5 21. Qe2 Rh8 22. Bg6 Nxe5 23. fxe5 Qe7 24. O-O-O Bd7 25. Kb1 c4 26. Rf3 Qh4 27. Rf4 Qg3 28. Rdf1 Ke7 29. R1f3 Qg5 30. g4 Raf8 31. gxf5 exf5 32. Qf2 Be6 33. Rg3 Qh4 34. Rxh4 1-0


[Site "https://www.chess.com"]